 Dungeon Crawl Stone Soup version 0.19-a0-1193-g2641e52 (webtiles) character file.

191 jacquesderrida the Slasher (level 5, -6/25 HPs)
             Began as a Vine Stalker Wanderer on Aug 18, 2016.
             Mangled by an ogre
             ... wielding a +0 giant club
              (17 damage)
             ... on level 4 of the Dungeon on Aug 19, 2016.
             The game lasted 00:05:16 (1230 turns).

jacquesderrida the Slasher (Vine Stalker Wanderer)  Turns: 1230, Time: 00:05:16

Health: -6/25      AC:  6    Str: 13    XL:     5   Next: 70%
Magic:  0/9        EV: 10    Int: 18    God:
Gold:   153        SH:  0    Dex: 15    Spells: 0 memorised, 8 levels left

rFire  . . .     SeeInvis .     a - +2 falchion
rCold  . . .     Gourm    .     d - +0 ring mail
rNeg   . . .     Faith    .     (no shield)
rPois  .         Spirit   +     (no helmet)
rElec  .         Dismiss  .     (no cloak)
rCorr  .         Reflect  .     (no gloves)
MR     .....     Harm     .     g - +0 pair of boots
Stlth  +.........               (no amulet)
                                (no ring)
                                (no ring)

@: brilliant
A: fangs 2, regeneration 1, magic shield, antimagic bite, no device heal 3, rot
immunity
a: no special abilities


You were on level 4 of the Dungeon.
You were hungry.

You visited 1 branch of the dungeon, and saw 4 of its levels.

You collected 153 gold pieces.

Inventory:

Hand Weapons
 a - a +2 falchion (weapon)
 o - a +0 long sword
 w - a +1 dagger of flaming
Armour
 d - a +0 ring mail (worn)
 g - a +0 pair of boots (worn)
Wands
 c - a wand of random effects (15/48)
 r - a wand of polymorph (18/24)
Scrolls
 i - 3 scrolls of recharging {unknown}
 k - a scroll of identify {unknown}
 m - 5 scrolls of remove curse
 n - 2 scrolls of amnesia {unknown}
 p - a scroll of enchant weapon {unknown}
 q - 2 scrolls of blinking {unknown}
 t - a scroll of enchant armour {unknown}
Potions
 e - a potion of ambrosia {unknown}
 h - a potion of cancellation {unknown}
 j - a potion of brilliance
 l - a potion of curing {unknown}
 s - a potion of magic {unknown}
 u - a potion of flight {unknown}
Books
 b - the Almanac of Lightness

   Spells                             Type                      Level
   a - Shock                          Conjuration/Air              1
   b - Mephitic Cloud                 Conjuration/Poison/Air       3
Comestibles
 f - 4 bread rations
 v - 3 chunks of flesh


   Skills:
 - Level 1.0 Fighting
 + Level 5.2 Long Blades
 - Level 1.0 Dodging
 - Level 1.2 Stealth
 - Level 2.1 Spellcasting
   Level 1.0 Earth Magic
 - Level 1.7 Evocations


You had 8 spell levels left.
You didn't know any spells.

Dungeon Overview and Level Annotations

Branches:
Dungeon (4/15)
 Temple: D:4-7

Altars:
Fedhas
Gozag
The Shining One

Shops:
D:4 [


Innate Abilities, Weirdness & Mutations

You have extremely sharp teeth.
Your natural rate of healing is unusually fast.
When hurt, damage is shared between your health and your magic reserves.
Your bite disrupts and absorbs the magic of your enemies.
Potions and wands cannot restore your health.
You are immune to rotting.


Message History

An ogre comes into view. It is wielding a giant club.
You closely miss the hobgoblin.
The hobgoblin is almost dead.
The hobgoblin closely misses you.
You riposte.
You closely miss the hobgoblin.
The hobgoblin is almost dead.
The goblin hits you but does no damage.
You hit the hobgoblin.
You kill the hobgoblin!
The goblin hits you but does no damage.
You barely miss the goblin. The ogre hits you with a giant club!
The goblin closely misses you.
There is an open door here.
There is an open door here.
You hear the brisk rusting of a very distant drain.
Okay, then.
It was a potion of brilliance.
You feel clever all of a sudden. The ogre hits you with a giant club!!
Ouch! That really hurt!
You die...

... #'##### ####...#
##.# #.('..# #...#
...# #†.#..'.. .#...#
.# '
#..#######'##...# .#
%'..##(#))..'..#....#
.### #.....(()†.#
#....# ...#
##.##'#####.#####...#
.#.#
...#..#[..#..'..#...#
.....
..#..#@..#..#..#...#
...#...##
#.#####O###.#####..#
.####..#..#..+
#g..#..'..#[.# .#
..#%.'.†#
#...#..#..#..# .# ##
#).####...#(## ##).#
.# #.....##'##)#
#..## ####.....).)#
#..# #'##..##'# ##.#
.'..####..# #.#


You could see an ogre and a goblin.

Vanquished Creatures
  A howler monkey (D:4)
  3 gnolls (D:4)
  An adder (D:3)
  2 oozes
  A worm (D:4)
  A dart slug (D:2)
  A giant gecko (D:2)
  8 orcs
  A ball python (D:2)
  14 giant cockroaches
  10 goblins
  13 hobgoblins
  7 jackals (D:3)
  8 kobolds
  A quokka (D:4)
  6 bats
  A giant gecko skeleton (D:4)
  3 giant newts
  4 rats (D:2)
86 creatures vanquished.

Notes
Turn   | Place    | Note
-------+----------+-------------------------------------------
     0 | D:1      | jacquesderrida the Vine Stalker Wanderer began the quest for the Orb.
     0 | D:1      | jacquesderrida set off with: a +2 falchion, the Almanac of Lightness, a wand of random effects (15/48), a +0 robe, a bread ration
     0 | D:1      | Reached XP level 1. HP: 10/10 MP: 4/4
    30 | D:1      | Reached skill level 2 in Long Blades
    53 | D:1      | Reached XP level 2. HP: 14/14 MP: 6/6
   193 | D:2      | Reached skill level 3 in Long Blades
   197 | D:2      | Reached XP level 3. HP: 15/18 MP: 7/7
   550 | D:3      | Reached XP level 4. HP: 22/22 MP: 6/8
   673 | D:3      | Found a faded altar of an unknown god.
   689 | D:3      | Reached skill level 4 in Long Blades
   739 | D:3      | Upgraded the game from 0.19-a0-1185-gacb3972 to 0.19-a0-1193-g2641e52
   840 | D:3      | Found a glowing golden altar of the Shining One.
   897 | D:4      | Found Zeforanai's Antique Armour Shoppe.
   952 | D:4      | Found a blossoming altar of Fedhas.
  1021 | D:4      | Found an opulent altar of Gozag.
  1057 | D:4      | Reached XP level 5. HP: 25/25 MP: 9/9
  1068 | D:4      | Noticed a phantom
  1147 | D:4      | Reached skill level 5 in Long Blades
  1216 | D:4      | Noticed an ogre
  1230 | D:4      | Mangled by an ogre

Vault maps used:
D:1:      dpeg_arrival_solitude
D:2:      minmay_roachtagon
D:3:      ecumenical_altar_1, tso_metal_star
D:4:      corexii_shantytown, lemuel_doored_altar, grunt_gozag_statues,
          first_bread, serial_shops, shop, gup_sewer_entry_bubbles

Skill      XL: |  1  2  3  4  5 |
---------------+----------------+-----
Long Blades    | 2 3 4 5 |  5.2
Fighting       | |  1.0
Dodging        | |  1.0
Stealth        | |  1.2
Spellcasting   | |  2.1
Earth Magic    | |  1.0
Evocations     | |  1.7

Action                   |  1- 3 |  4- 6 || total
-------------------------+-------+-------++-------
Melee: Falchion          |   110 |   171 ||   281
       Bite              |    24 |    40 ||    64
  Use: Scroll            |     1 |       ||     1
       Potion            |       |     1 ||     1
 Stab: Sleeping          |       |     1 ||     1
  Eat: Chunk             |       |     1 ||     1
Armor: Robe              |     9 |       ||     9
       Leather armour    |    19 |       ||    19
       Ring mail         |    16 |    68 ||    84
Dodge: Dodged            |    67 |    80 ||   147
